 Dungeon Crawl Stone Soup version 0.31.0-32-g396128a36d (webtiles) character file.

Game seed: 3050274828050016273

248 TacoSundae the Insei (level 6, 0/67 HPs)
             Began as a Vine Stalker Shapeshifter on Apr 5, 2024.
             Succumbed to Ijyb's poison
             ... on level 3 of the Dungeon.
             The game lasted 00:05:40 (1324 turns).

TacoSundae the Insei (Vine Stalker Shapeshifter)    Turns: 1324, Time: 00:05:40

Health: 0/67       AC: 23    Str: 16    XL:     6   Next: 12%
Magic:  0/7        EV:  2    Int: 10    God:
Gold:   178        SH:  0    Dex: 16    Spells: 5/5 levels left

rFire   . .          .
                       - Unarmed
rCold   . . .        (no shield)
rNeg    . . .        f - melded +0 leather armour
rPois   +            (helmet currently unavailable)
rElec   .            (cloak currently unavailable)
rCorr   .            (gloves currently unavailable)
SInv    .            (boots currently unavailable)
Will    .....        (no amulet) Stlth
                     a - ring of poison resistance
HPRegen 1.11/turn    (no ring)
MPRegen 0.10/turn

%: guardian spirit
@: berserking, lethally poisoned (0 -> 0), tree-form, very quick
A: stationary, stasis, torment immunity, boosted hp, (fangs 2), regeneration 1,
magic shield, (antimagic bite), no potion heal 2
a: no special abilities


You were on level 3 of the Dungeon.
You were a tree.
You visited 1 branch of the dungeon, and saw 3 of its levels.

You collected 178 gold pieces.

Inventory:

Armour
 f - a +0 leather armour (melded)
Magical Staves
 i - a staff of air
Jewellery
 a - a ring of poison resistance (left branch)
 g - a ring of fire
Talismans
 c - a beast talisman
 d - a flux talisman
 n - a serpent talisman
Scrolls
 h - a scroll of identify
 l - a scroll of fog
 o - a scroll of blinking
Potions
 b - a potion of lignification
 j - a potion of attraction
 k - a potion of ambrosia
 m - a potion of cancellation


   Skills:
 - Level 1.5 Fighting
 - Level 2.0 Dodging
 * Level 5.0 Unarmed Combat
 * Level 4.5 Shapeshifting


You had 5 spell levels left.
You didn't know any spells.
Your spell library contained the following spells:

 Spells                   Type           Power      Damage    Failure   Level
 Dazzling Flash           Conj/Hex       0%         N/A       75%         3
 Volatile Blastmotes      Fire/Tloc      0%         2d10      75%         3
 Starburst                Conj/Fire      0%         6d3       100%        6
 Maxwell's Capacitive Co  Air            0%         ∞         100%        8


Dungeon Overview and Level Annotations

Branches:
Dungeon (3/15)

Altars:
Dithmenos


Innate Abilities, Weirdness & Mutations

You are a tree.
Your roots penetrate the ground, keeping you stationary.
You cannot be teleported.
You are immune to unholy pain and torment.
Your maximum health is greatly increased.
Your equipment is partially melded.
((You have extremely sharp teeth.))
Your natural rate of healing is unusually fast.
When hurt, damage is shared between your health and your magic reserves.
((Your bite disrupts and absorbs the magic of your enemies.))
Potions cannot restore your health.


Message History

Ijyb hits you with a +6 dagger of venom.
You hit Ijyb but do no damage. You bite Ijyb, but do no damage.
Ijyb is severely wounded.
Ijyb zaps a wand.
The roots erupt in riotous growth!
The grasping roots grab you!
Ijyb is unaffected.
The grasping roots constrict you.
You barely miss Ijyb.
Ijyb is severely wounded.
Ijyb barely misses you. The grasping roots constrict you.
You hit Ijyb.
Ijyb is almost dead.
Ijyb hits you with a +6 dagger of venom!
You are poisoned.
The grasping roots constrict you.
Unknown command.
You hit Ijyb.
Ijyb is almost dead.
You feel very sick.
Ijyb hits you with a +6 dagger of venom.
* * * LOW HITPOINT WARNING * * *
The grasping roots constrict you.
* * * LOW HITPOINT WARNING * * *
Your transformation has ended.
You turn into a tree.
Your +0 leather armour melds into your body.
Your roots penetrate the ground.
* * * LOW HITPOINT WARNING * * *
You feel very sick. Ijyb hits you but does no damage.
The grasping roots constrict you.
* * * LOW HITPOINT WARNING * * *
The grasping roots release their grip on you.
Unknown command.
It was a potion of berserk rage.
A red film seems to cover your vision as you go berserk!
You feel yourself moving faster!
You feel mighty!
* * * LOW HITPOINT WARNING * * *
You feel sick. Ijyb hits you but does no damage.
You smack Ijyb!
You kill Ijyb!
You die...

............ .......)......
....#####.#..# #####......###
...........#...## #......#
.#..#.####.###...### #.[....###
.#.##..###...###...### #.........
................##...#####....#..
##...............................
.................#########....##.
.###............♣.<..# #....##.
..)###..........)....# ##.####.
.........^............####..# ##
...........................## ###
......#§#.##.........###....###..
#######§#.###.......... ##.....#
#§#.# #......#..## #..... #§#.#
##....##..# ##..... #§#§#
#........# #......


There were no monsters in sight!

Vanquished Creatures
  Sigmund (D:3)
  Ijyb (D:3)
  Robin (D:3)
  A ribbon worm (D:2)
  2 dart slugs
  6 ball pythons
  3 endoplasms
  4 giant cockroaches
  10 hobgoblins
  2 jackals (D:2)
  2 quokkas (D:2)
  2 bats
  5 frilled lizards
  15 goblins
  6 kobolds
  7 rats
68 creatures vanquished.

Notes
Turn   | Place    | Note
-------+----------+-------------------------------------------
     0 | D:1      | TacoSundae the Vine Stalker Shapeshifter began the quest
                  | for the Orb.
     0 | D:1      | Reached XP level 1. HP: 9/9 MP: 2/2
    68 | D:1      | Reached skill level 1 in Fighting
    83 | D:1      | Reached XP level 2. HP: 12/14 MP: 3/3
   391 | D:1      | Reached XP level 3. HP: 18/18 MP: 4/4
   947 | D:3      | Found a shadowy altar of Dithmenos.
   992 | D:3      | Reached XP level 4. HP: 19/22 MP: 3/5
  1004 | D:3      | Noticed Robin
  1010 | D:3      | Killed Robin
  1065 | D:3      | Noticed Sigmund
  1092 | D:3      | Reached skill level 4 in Unarmed Combat
  1093 | D:3      | Identified a scroll of acquirement
  1093 | D:3      | Acquired a ring of poison resistance
  1171 | D:3      | Killed Sigmund
  1172 | D:3      | Reached XP level 5. HP: 20/25 MP: 6/6
  1172 | D:3      | Reached XP level 6. HP: 24/30 MP: 7/7
  1175 | D:3      | Reached skill level 5 in Unarmed Combat
  1312 | D:3      | Noticed Ijyb
  1322 | D:3      | HP: 1/45 [constriction (2)]
  1324 | D:3      | Killed Ijyb
  1324 | D:3      | Succumbed to Ijyb's poison

Illustrated notes

Levels and vault maps discovered:
D:1:      mrwooster_arrival_statue_2, layout_basic
D:2:      layout_rooms, minmay_indecisive_spiral
D:3:      layout_rooms, mainiacjoe_overflow_alcove_4, ebering_ghost_sewer_d,
          uniq_ijyb, uniq_robin, uniq_sigmund

Skill      XL: |  1  2  3  4  5  6 |
---------------+-------------------+-----
Fighting       | 1 |  1.5
Dodging        | 2 |  2.0
Unarmed Combat | 4 5 |  5.0
Shapeshifting  | 4 |  4.5

Action                     |  1- 3 |  4- 6 || total
---------------------------+-------+-------++-------
  Melee: Unarmed           |    97 |    45 ||   142
         Bite              |    19 |     7 ||    26
         Punch             |     2 |     4 ||     6
    Use: Scroll            |       |     8 ||     8
         Potion            |       |     2 ||     2
 Armour: Leather armour    |    37 |    23 ||    60
         Animal skin       |     1 |       ||     1
         Skin              |       |     2 ||     2
  Dodge: Dodged            |    41 |    20 ||    61
